Map: Abyssal Reef LE

Players

Winthrowe - Winner!

  • Race: Terran Terran
  • Spawn Location: 11:00

A.I. 1 (Easy)

  • Race: Terran Terran
  • Spawn Location: 5:00

VOD

Have the link to the VOD?

Description

Time

  • Played on: Aug. 18, 2017, 3:46 p.m.
  • Length: 11:14
Show
View Real Time Build Order
Export as new Build Order

Winthrowe Terran - Winner!

Build Orders:  

Get SALT Encoding   

  12  0:03  SCV  
  13  0:15  SCV  
  13  0:20  Supply Depot  
  14  0:27  SCV  
  15  0:42  SCV, Refinery  
  16  0:49  Barracks  
  16  0:54  SCV  
  17  1:06  SCV  
  18  1:19  SCV  
  19  1:32  SCV  
  20  1:54  Command Center  
  20  2:05  Supply Depot  
  20  2:35  Barracks Reactor  
  20  2:36  Supply Depot  
  20  3:09  Refinery  
  20  3:18  Marine x2  
  20  3:19  Factory  
  22  3:36  Marine x2  
  24  3:53  Marine  
  24  3:54  Marine  
  26  3:56  Engineering Bay  
  26  4:07  Bunker  
  26  4:11  Marine  
  26  4:12  Marine  
  28  4:20  SCV  
  29  4:24  Orbital Command  
  29  4:33  Orbital Command  
  29  4:43  Starport  
  28  5:28  Barracks  
  28  5:29  Armory  
  28  5:38  Engineering Bay  
  28  5:39  Starport Tech Lab  
  28  5:42  Factory Tech Lab  
  28  6:02  Marine x2  
  30  6:19  Marine  
  30  6:20  Marine  
  32  6:29  Banshee  
  35  6:37  Marine  
  35  6:38  Marine  
  37  6:45  Cloaking Field  
  37  6:54  Terran Infantry Weapons Level 1  
  37  6:55  Marine  
  37  6:56  Marine, Terran Infantry Armor Level 1  
  39  7:01  Terran Vehicle And Ship Armor Level 1  
  39  7:15  Barracks Tech Lab  
  39  7:35  Concussive Shells  
  36  8:05  Hyperflight Rotors  
  36  8:18  Stimpack  
  36  8:19  Command Center  
  36  8:32  Command Center  
  36  8:50  Marine x2, Marauder  
  40  9:02  Thor  
  46  9:08  Marine x2  
  49  9:10  SCV x2  
  49  9:11  Marauder  
  52  9:22  SCV  
  51  9:26  Marine x2  
  53  9:32  Marauder  
  55  9:43  Marine  
  55  9:44  Marine  
  57  9:54  Marauder  
  59  10:10  Marine  
  59  10:11  Marine  
  61  10:15  Marauder  
  61  10:18  Medivac  
  64  10:28  Marine x2  
  66  10:36  Marauder  
  68  10:46  Marine x2  
Show
View Real Time Build Order
Export as new Build Order

A.I. 1 (Easy) Terran 

Build Orders:  

Get SALT Encoding   

  12  0:00  SCV  
  13  0:13  SCV  
  14  0:19  Supply Depot  
  14  0:25  SCV  
  15  0:40  SCV  
  15  0:42  Barracks  
  16  0:46  Refinery  
  16  1:11  Supply Depot  
  16  1:21  Refinery  
  16  1:29  Orbital Command  
  16  1:31  Barracks Tech Lab  
  16  1:48  Marine  
  17  2:13  Supply Depot  
  17  2:15  Marauder  
  19  2:17  SCV  
  20  2:29  SCV  
  21  2:40  Marauder  
  21  2:41  SCV  
  24  2:53  SCV  
  25  3:05  SCV  
  26  3:06  Marine  
  27  3:17  SCV  
  28  3:32  Marauder  
  30  3:57  Marine  
  31  4:23  Marine  
  32  5:25  SCV  
  32  7:05  Marine  
  32  7:08  Factory  
  33  7:10  Supply Depot  
  33  7:14  Command Center  
  33  7:23  Marine  
  34  7:41  Marine  
  25  7:54  Starport  
  25  7:58  Marine  
  26  8:16  Marine  
  27  8:27  SCV  
  27  8:32  SCV  
  29  8:34  Marine  
  29  8:37  Starport Tech Lab, Refinery x2  
  29  8:39  SCV  
  31  8:44  SCV  
  32  8:51  SCV  
  32  8:52  Marauder  
  35  8:56  Raven, SCV  
  38  9:03  SCV  
  38  9:08  SCV  
  40  9:13  Marine  
  40  9:15  SCV  
  42  9:20  SCV  
  42  9:23  Hellion  
  37  9:26  Supply Depot  
  37  9:28  SCV  
  38  9:32  SCV  
  38  9:37  Marine  
  32  9:39  Raven  
  32  9:40  SCV  
  32  9:44  SCV  
  32  9:52  SCV  
  24  9:54  Marine  
  23  10:04  SCV  
  23  10:06  Hellion  
  23  10:16  SCV  
  23  10:20  Marine  
  24  10:28  SCV  
  22  10:35  Hellion  
  17  10:40  SCV  
  9  10:49  Marauder  
  9  10:52  SCV  
  9  10:57  Command Center  
Tags
 
Matchup
TvT
Race
Terran
Spawn Locations
Cross Positions
Add a new tag
Caveats
  • Supply blocks, unpowered buildings, or Contaminate may cause inaccurate times.
  • Supply counts are checked every 10 seconds.